 Dungeon Crawl Stone Soup version 0.28.0 (webtiles) character file.

Game seed: 6114556385614695633

64 danielguo94 the Covered (level 4, 0/29 HPs)
             Began as a Gargoyle Fighter on Feb 5, 2022.
             Slain by Ijyb (2 damage)
             ... on level 3 of the Dungeon.
             The game lasted 00:02:48 (1822 turns).

danielguo94 the Covered (Gargoyle Fighter)          Turns: 1822, Time: 00:02:49

Health: 0/29       AC: 16    Str: 21    XL:     4   Next: 12%
Magic:  4/4        EV:  7    Int: 15    God:
Gold:   98         SH:  4    Dex:  9    Spells: 3/3 levels left

rFire   . . .      SeeInvis .   a - +0 flail
rCold   . . .      Faith    .   c - +0 buckler
rNeg    + . .      Spirit   .   s - +0 chain mail
rPois   ∞          Reflect  .   (no helmet)
rElec   +          Harm     .   (no cloak)
rCorr   +          Rampage  .   f - +2 pair of gloves
Will    .....                   (no boots)
Stlth   ..........              (no amulet)
HPRegen 0.09/turn               o - ring of resist corrosion
MPRegen 0.09/turn               q - +6 ring of intelligence

@: no status effects
A: sickness immunity, AC +3, negative energy resistance 1, electricity
resistance, torment resistance 1, petrification resistance
a: no special abilities


You were on level 3 of the Dungeon.
You visited 1 branch of the dungeon, and saw 3 of its levels.

You collected 98 gold pieces.

Inventory:

Hand Weapons
 a - a +0 flail (weapon)
 m - a +3 hand axe
Missiles
 b - 3 boomerangs
 p - 21 stones (quivered)
 r - 3 poisoned darts
Armour
 c - a +0 buckler (worn)
 f - a +2 pair of gloves (worn)
 s - a +0 chain mail (worn)
Jewellery
 o - a ring of resist corrosion (left hand)
 q - a +6 ring of intelligence (right hand)
Scrolls
 e - a scroll of teleportation {unknown}
 g - a scroll of vulnerability {unknown}
 h - a scroll of torment {unknown}
 i - 2 scrolls of identify {unknown}
 j - 2 scrolls of enchant armour {unknown}
 k - a scroll of silence {unknown}
Potions
 d - a potion of might
 l - 2 potions of berserk rage {unknown}
 n - a potion of curing {unknown}


   Skills:
 + Level 3.6 Fighting
 * Level 3.0 Maces & Flails
 + Level 4.0 Armour
 + Level 3.6 Shields


You had 3 spell levels left.
You didn't know any spells.
Your spell library was empty.

Dungeon Overview and Level Annotations

Branches:
Dungeon (3/15)

Altars:

Shops:
D:1 (

Annotations:
D:3 Ijyb


Innate Abilities, Weirdness & Mutations

You are immune to sickness and miasma.
Your stone body is resilient. (AC +3)
You are immune to poison.
You resist negative energy. (rN+)
You are resistant to electric shocks. (rElec)
You are resistant to unholy torment.
You are immune to petrification.


Message History

Ijyb is nearby!
You start resting.
Ijyb is nearby!
You barely miss Ijyb.
Ijyb zaps a wand.
Your mind is blasted!
Ouch! That really hurt!
* * * LOW HITPOINT WARNING * * *
Okay, then.
Unknown command.
You hit Ijyb.
Ijyb is lightly wounded.
Ijyb hits you but does no damage.
You closely miss Ijyb.
Ijyb is lightly wounded.
Ijyb hits you but does no damage. x2
You closely miss Ijyb.
Ijyb is lightly wounded.
Ijyb hits you but does no damage.
You barely miss Ijyb.
Ijyb is lightly wounded.
Ijyb hits you but does no damage.
You completely miss Ijyb.
Ijyb is lightly wounded.
Ijyb zaps a wand.
You barely resist. Ijyb hits you with a +0 club.
* * * LOW HITPOINT WARNING * * *
You hit Ijyb but do no damage.
Ijyb is lightly wounded.
Ijyb barely misses you.
You barely miss Ijyb.
Ijyb is lightly wounded.
Ijyb hits you but does no damage.
You hit Ijyb.
Ijyb is moderately wounded.
Ijyb zaps a wand.
You barely resist. You barely miss Ijyb.
Ijyb is moderately wounded.
Ijyb drinks a potion.
Ijyb seems to speed up.
You block Ijyb's attack.
You sock Ijyb!
Ijyb is severely wounded.
Ijyb hits you with a +0 club.
You die...

..#.###.#.......... ..#.#
#............
..#.###............
#.#.......#####...#
..........# #...# ###.......#
#...# ..........# #...#
###.......# #...# #
....)..#########@### .#
.##.########....g..### ..
.##........#.#.......##.##.#.
.........<.................g.
.###.###.#...#...#.#.###.....
## #.##......).......# ##.
#.##..#.###.#.#####
#...........#.#
###...#######.#


You could see Ijyb (fast).

Vanquished Creatures
  An adder (D:1)
  2 worms (D:2)
  3 dart slugs
  3 orcs (D:3)
  2 bats (D:1)
  4 endoplasms
  6 goblins
  4 hobgoblins
  3 kobolds
  2 ball pythons
  2 frilled lizards (D:2)
  7 rats
39 creatures vanquished.

Vanquished Creatures (others)
  A frilled lizard (D:2)
  6 plants (D:2)
7 creatures vanquished.

Grand Total: 46 creatures vanquished

Notes
Turn   | Place    | Note
-------+----------+-------------------------------------------
     0 | D:1      | danielguo94 the Gargoyle Fighter began the quest for the
                  | Orb.
     0 | D:1      | Reached XP level 1. HP: 14/14 MP: 1/1
    37 | D:1      | Found Xeogal's Antique Weapon Emporium.
   262 | D:1      | Reached XP level 2. HP: 19/19 MP: 2/2
   641 | D:1      | Found a faded altar of an unknown god.
   890 | D:1      | Reached XP level 3. HP: 23/23 MP: 3/3
  1662 | D:3      | Reached XP level 4. HP: 29/29 MP: 4/4
  1716 | D:3      | Reached skill level 4 in Armour
  1798 | D:3      | Noticed Ijyb
  1817 | D:3      | HP: 1/29 [Ijyb (6)]
  1822 | D:3      | Slain by Ijyb

Illustrated notes

Levels and vault maps discovered:
D:1:      co_arrival_square_in_a_square_in_a_square, layout_loops_ring,
          serial_shops, nicolae_diamond_shop,
          shapermc_ecumenical_altar_hornbeckon
D:2:      layout_loops_ring, serial_bayou, serial_bayou_shore_b,
          serial_bayou_pond_d, serial_bayou_lake_a, serial_bayou_lagoon_b,
          lemuel_old_faithful
D:3:      layout_loops_cross, minmay_fractal_squares_5, uniq_ijyb

Skill      XL: |  1  2  3  4 |
---------------+-------------+-----
Maces & Flails | 3 |  3.0
Armour         | 4 |  4.0
Fighting       | |  3.6
Shields        | |  3.6

Action                   |  1- 3 |  4- 6 || total
-------------------------+-------+-------++-------
Melee: Flail             |   125 |    30 ||   155
Armor: Scale mail        |    68 |       ||    68
       Chain mail        |       |    20 ||    20
Dodge: Dodged            |    56 |     8 ||    64
Block: Buckler           |    22 |     4 ||    26
